Map: Acropolis LE

Players

Smeeeger - Winner!

  • Race: Zerg Zerg
  • League: Platinum
  • Spawn Location: 5:00

AngrySmurf

  • Race: Protoss Protoss
  • League: Platinum
  • Spawn Location: 11:00

VOD

Have the link to the VOD?

Description

Time

  • Played on: July 19, 2019, 12:16 p.m.
  • Length: 15:15
Show
View Real Time Build Order
Export as new Build Order

Smeeeger Zerg - Winner!

Build Orders: Hatch First, Roach Hydra 

Get SALT Encoding   

  12  0:02  Drone  
  13  0:18  Overlord  
  13  0:19  Drone  
  14  0:36  Drone x2  
  16  0:45  Drone  
  17  0:51  Drone  
  18  1:03  Drone  
  19  1:05  Extractor  
  19  1:07  Hatchery  
  17  1:19  Spawning Pool  
  17  1:20  Drone  
  17  1:23  Drone  
  18  1:42  Drone  
  19  1:52  Overlord  
  19  2:06  Queen  
  19  2:08  Zergling x2  
  22  2:15  Zergling x2  
  23  2:21  Metabolic Boost  
  23  2:24  Queen  
  23  2:29  Drone  
  26  2:42  Drone x2, Queen  
  26  2:43  Drone x2  
  32  2:53  Hatchery  
  31  3:08  Queen  
  31  3:10  Drone x3  
  31  3:12  Overlord  
  36  3:17  Overlord  
  36  3:37  Drone x4  
  36  3:39  Drone x2, Overlord  
  42  3:42  Overlord  
  42  4:07  Queen  
  42  4:08  Drone  
  45  4:14  Lair  
  45  4:22  Roach Warren  
  44  4:24  Drone  
  44  4:25  Drone x4, Evolution Chamber  
  44  4:27  Evolution Chamber  
  44  4:28  Spore Crawler  
  44  4:29  Spore Crawler, Drone x2  
  44  4:30  Drone x2  
  49  4:41  Drone  
  49  4:42  Drone x6  
  56  4:48  Extractor x2  
  56  4:50  Drone x3  
  57  5:07  Drone  
  57  5:09  Drone x2  
  57  5:10  Drone  
  61  5:18  Drone x3  
  61  5:19  Roach  
  66  5:22  Extractor  
  66  5:23  Extractor  
  64  5:29  Drone  
  64  5:30  Glial Reconstitution, Drone  
  64  5:52  Zerg Missile Weapons Level 1  
  64  5:59  Drone x2  
  64  6:01  Overlord x6  
  66  6:19  Roach x7  
  66  6:20  Roach  
  66  6:23  Drone x3  
  66  6:24  Drone x3  
  66  6:25  Overlord x2  
  88  6:40  Zerg Ground Armor Level 1, Roach  
  88  6:41  Roach x2  
  88  6:43  Drone  
  88  6:45  Spore Crawler  
  94  6:53  Roach x4  
  104  6:54  Roach  
  104  6:59  Extractor  
  104  7:00  Hatchery  
  102  7:06  Drone x3  
  102  7:07  Overlord  
  102  7:08  Overlord x2  
  105  7:09  Roach  
  105  7:10  Ravager x2  
  105  7:12  Zergling x2  
  110  7:24  Overseer  
  110  7:25  Overseer  
  110  7:31  Roach x10  
  110  7:35  Overlord  
  130  7:52  Pneumatized Carapace  
  130  8:01  Zerg Missile Weapons Level 2  
  130  8:02  Hydralisk Den  
  130  8:04  Ravager  
  130  8:05  Ravager  
  131  8:06  Overlord x2  
  131  8:07  Overlord x2  
  131  8:08  Drone x2  
  131  8:09  Drone x6  
  131  8:10  Drone  
  82  8:43  Muscular Augments  
  82  8:45  Roach x9  
  82  8:46  Roach x10  
  117  8:54  Extractor  
  117  8:55  Queen, Extractor  
  116  8:59  Roach  
  116  9:00  Roach x3  
  125  9:07  Zergling x6  
  128  9:14  Roach x7  
  132  9:29  Roach x7  
  121  9:39  Roach x4  
  121  9:40  Queen  
  126  9:47  Hydralisk x10  
  146  9:55  Grooved Spines  
  146  10:03  Zergling x8  
  146  10:04  Zergling x6  
  152  10:09  Drone  
  152  10:13  Drone  
  152  10:14  Drone  
  125  10:33  Hydralisk x6  
  125  10:34  Hydralisk x5  
  122  10:52  Roach x6  
  122  10:53  Roach x9  
  122  10:55  Drone  
  147  11:02  Zerg Ground Armor Level 2  
  147  11:03  Hatchery  
  147  11:04  Hatchery  
  145  11:07  Infestation Pit  
  144  11:19  Hydralisk x5  
  144  11:20  Hydralisk  
  144  11:22  Roach  
  144  11:23  Roach  
  144  11:25  Roach  
  162  11:26  Hatchery, Roach  
  162  11:27  Roach  
  162  11:29  Queen  
  162  11:30  Drone  
  162  11:31  Drone x4  
  172  11:33  Overseer x2  
  172  11:34  Overlord  
  172  11:36  Overlord  
  172  11:49  Drone x2  
  172  11:51  Roach x4  
  184  11:54  Roach x4  
  184  12:00  Roach x4  
  150  12:39  Roach x12  
  128  12:51  Hive  
  128  12:55  Roach x11  
  144  13:00  Zerg Melee Weapons Level 1  
  144  13:10  Zergling x22  
  155  13:24  Drone x3  
  155  13:25  Drone, Extractor  
  155  13:26  Extractor  
  157  13:27  Drone x3  
  157  13:28  Drone x3  
  157  13:30  Roach x7  
  157  13:32  Ravager x3  
  157  13:33  Ravager x5  
  185  13:50  Hydralisk x7  
  198  14:22  Baneling Nest  
  197  14:27  Spire  
Show
View Real Time Build Order
Export as new Build Order

AngrySmurf Protoss 

Build Orders:  

Get SALT Encoding   

  12  0:00  Probe  
  13  0:12  Probe  
  14  0:26  Probe  
  14  0:27  Pylon  
  15  0:44  Probe  
  15  0:46  Gateway  
  16  0:52  Probe  
  17  0:58  Pylon  
  17  1:00  Probe  
  17  1:03  Assimilator  
  18  1:11  Probe  
  19  1:24  Probe  
  20  1:33  Cybernetics Core  
  20  1:39  Probe  
  20  1:44  Gateway  
  21  1:47  Probe  
  21  1:49  Zealot  
  24  2:10  Nexus  
  24  2:14  Warp Gate  
  24  2:16  Probe  
  25  2:25  Probe  
  26  2:32  Assimilator  
  26  2:33  Probe  
  26  2:34  Pylon  
  27  2:41  Stalker  
  29  2:53  Probe  
  30  3:05  Probe  
  30  3:07  Pylon  
  31  3:14  Sentry  
  31  3:18  Probe x2  
  34  3:21  Assimilator  
  34  3:23  Pylon  
  34  3:27  Probe  
  35  3:30  Probe  
  37  3:36  Probe  
  37  3:37  Robotics Facility  
  38  3:43  Stalker  
  41  3:48  Probe  
  41  3:57  Gateway  
  41  4:05  Pylon  
  41  4:08  Gateway  
  41  4:10  Gateway  
  41  4:32  Zealot  
  41  4:34  Probe x2  
  41  4:37  Assimilator  
  45  4:46  Probe x2  
  47  4:54  Immortal  
  47  4:58  Probe x2  
  53  5:10  Probe x2, Robotics Bay  
  55  5:15  Robotics Facility  
  55  5:17  Pylon  
  55  5:22  Gateway  
  55  5:25  Pylon  
  55  5:26  Probe x2  
  55  5:28  Pylon  
  57  5:33  Observer  
  58  5:38  Probe x2  
  60  5:46  Forge  
  60  5:50  Probe  
  60  5:53  Immortal  
  65  6:02  Stalker x3  
  65  6:03  Stalker  
  73  6:08  Extended Thermal Lance  
  73  6:16  Colossus  
  73  6:24  Zealot, Stalker  
  77  6:30  Observer  
  83  6:38  Protoss Ground Weapons Level 1  
  84  6:43  Probe  
  84  6:44  Probe  
  86  6:50  Colossus  
  92  6:55  Shield Battery  
  92  6:56  Probe, Photon Cannon  
  93  7:11  Nexus  
  93  7:16  Zealot, Stalker  
  97  7:29  Stalker  
  99  7:36  Pylon  
  99  7:37  Pylon  
  99  7:47  Immortal  
  99  7:52  Pylon  
  103  7:59  Colossus  
  103  8:01  Pylon  
  103  8:04  Stalker x2  
  106  8:10  Pylon  
  102  8:30  Stalker x3  
  98  8:36  Pylon  
  94  8:44  Protoss Ground Armor Level 1  
  94  8:52  Zealot, Stalker x2  
  100  9:00  Colossus  
  100  9:01  Colossus  
  106  9:08  Probe x3  
  115  9:13  Pylon  
  115  9:16  Assimilator  
  115  9:19  Pylon  
  89  9:43  Colossus  
  79  9:46  Stalker x3  
  79  9:47  Stalker x3  
  95  10:05  Colossus  
  95  10:11  Stalker x2  
  95  10:12  Zealot x4  
  107  10:29  Immortal  
  103  10:40  Twilight Council  
  103  10:43  Zealot, Stalker  
  103  10:44  Zealot x3, Stalker  
  103  10:46  Probe x2  
  109  10:54  Probe  
  110  10:58  Probe  
  110  10:59  Probe  
  112  11:07  Probe  
  112  11:10  Immortal, Probe  
  112  11:11  Probe  
  119  11:19  Probe  
  119  11:20  Pylon  
  120  11:30  Stalker x3  
  126  11:38  Immortal, Assimilator  
  126  11:41  Protoss Ground Weapons Level 2  
  126  11:44  Dark Shrine  
  130  12:02  Zealot, Stalker  
  130  12:03  Stalker  
  136  12:10  Zealot x2, Stalker  
  142  12:19  Pylon  
  142  12:23  Stalker  
  107  12:40  Stalker x2  
  107  12:41  Zealot x2, Stalker  
  83  13:00  Stalker  
  85  13:07  Stalker x4  
  93  13:28  Zealot, Stalker  
  97  13:36  Nexus  
  97  13:38  Gateway  
  97  13:39  Gateway  
  97  13:41  Immortal  
  97  13:42  Immortal  
  97  13:51  Pylon  
  97  13:54  Assimilator  
  105  14:12  Pylon  
  105  14:13  Gateway  
  105  14:15  Pylon  
  105  14:18  Photon Cannon  
  105  14:23  Stalker  
  105  14:24  Stalker x3  
  111  14:25  Zealot  
  121  14:40  Stalker  
  123  14:51  Stalker x2  
  123  14:52  Stalker  
  113  14:53  Sentry x2  
Tags
 
Composition
Roach Hydra
Matchup
PvZ
Replay Pack
SC2 replays
Spawn Locations
Cross Positions
Add a new tag
Caveats
  • Supply blocks, unpowered buildings, or Contaminate may cause inaccurate times.
  • Supply counts are checked every 10 seconds.